 Dungeon Crawl Stone Soup version 0.30.1-4-g462c640d31 (webtiles) character file.

Game seed: 776832857015090808

664 middlearthbound the Covered (level 7, -3/62 HPs)
             Began as a Minotaur Fighter on Sept 1, 2023.
             Succumbed to a water moccasin's poison
             ... on level 5 of the Dungeon on Sept 15, 2023.
             The game lasted 00:26:41 (2386 turns).

middlearthbound the Covered (Minotaur Fighter)      Turns: 2386, Time: 00:26:42

Health: -3/62      AC: 12    Str: 23    XL:     7   Next: 31%
Magic:  6/6        EV:  6    Int:  5    God:
Gold:   150        SH:  4    Dex:  9    Spells: 6/6 levels left

rFire   . . .        a - +0 war axe
rCold   . . .        c - +0 buckler
rNeg    + . .        j - +0 plate armour
rPois   .            (helmet restricted)
rElec   .            (no cloak)
rCorr   +            (no gloves)
SInv    .            (no boots)
Will    .....        (no amulet) Stlth
                     g - ring of positive energy
HPRegen 0.30/turn    l - ring of resist corrosion
MPRegen 0.10/turn

%: no passive effects
@: lethally poisoned (-3 -> -23)
A: horns 2, retaliatory headbutt
a: no special abilities


You were on level 5 of the Dungeon.
You visited 1 branch of the dungeon, and saw 5 of its levels.

You collected 150 gold pieces.

Inventory:

Hand Weapons
 a - a +0 war axe (weapon)
 h - a +1 dagger of venom
 p - a +3 quarterstaff of chaos
 s - a +0 sling
 t - a +0 dagger of pain
 v - a +2 dagger of draining
 y - a +2 dagger of venom
Missiles
 w - 3 boomerangs (quivered)
 z - 6 atropa-tipped darts
 A - 9 stones
Armour
 c - a +0 buckler (worn)
 j - a +0 plate armour (worn)
 q - a +0 cloak
Jewellery
 g - a ring of positive energy (left hand)
 l - a ring of resist corrosion (right hand)
 C - a ring of poison resistance
Wands
 x - a wand of digging (5)
Scrolls
 e - 3 scrolls of poison
 f - a scroll of identify
 k - a scroll of noise
 m - 3 scrolls of teleportation
 n - a scroll of acquirement
 o - a scroll of torment
 B - a scroll of fog
Potions
 d - a potion of might
 i - 3 potions of heal wounds
 r - a potion of lignification


   Skills:
 + Level 5.7 Fighting
 + Level 6.0 Axes
 + Level 6.5 Armour
 + Level 0.5 Dodging
 + Level 0.1 Stealth
 + Level 4.7 Shields


You had 6 spell levels left.
You didn't know any spells.
Your spell library contained the following spells:

 Spells                   Type           Power      Damage    Failure   Level
 Hailstorm                Conj/Ice       0%         3d3       100%        3
 Ice Form                 Ice/Tmut       0%         N/A       100%        4
 Simulacrum               Ice/Necr       0%         N/A       100%        6


Dungeon Overview and Level Annotations

Branches:
Dungeon (5/15)
 Temple: D:4-7

Altars:
Dithmenos
The Shining One

Annotations:
D:5 Eustachio


Innate Abilities, Weirdness & Mutations

You have a pair of horns on your head.
You reflexively headbutt those who attack you in melee.


Message History

The water moccasin bites you but does no damage.
You barely miss the water moccasin.
Your headbutt misses the water moccasin.
The water moccasin is severely wounded.
You feel sick. The water moccasin closely misses you.
The water moccasin bites you.
You are more poisoned.
The water moccasin poisons you!
You closely miss the water moccasin.
The water moccasin is severely wounded.
You feel very sick. The water moccasin bites you.
Eustachio mumbles some strange words.
The water moccasin bites you.
You are more poisoned.
The water moccasin poisons you!
You hit the water moccasin.
The water moccasin is almost dead.
You feel extremely sick. The water moccasin barely misses you.
The water moccasin bites you.
You are lethally poisoned!
The water moccasin poisons you!
You barely miss the water moccasin.
Your headbutt misses the water moccasin.
The water moccasin is almost dead.
* * * LOW HITPOINT WARNING * * *
You feel extremely sick. The water moccasin bites you.
* * * LOW HITPOINT WARNING * * *
You hit the water moccasin.
You kill the water moccasin!
You closely miss the river rat.
* * * LOW HITPOINT WARNING * * *
You feel extremely sick.
The river rat bites you but does no damage.
Your Axes skill increases to level 6!
You hit Eustachio.
Eustachio is lightly wounded.
You slash the river rat!
You die...

#### ######.....
#..@....#
#.@r$..##
##.r##..#
##...###..#
###..#..##....
#..............
####.#...##.......
##....#..##
#..._..
####..####...#
.ยง..


You could see Eustachio, a river rat (summoned) and a rat (summoned).

Vanquished Creatures
  Grinder (D:4)
  A water moccasin (D:5)
  A scorpion (D:5)
  2 hounds (D:4)
  Crazy Yiuf (D:3)
  2 orc priests
  Terence (D:2)
  An orc wizard (D:4)
  Natasha (D:2)
  2 adders
  A white imp (D:5)
  2 ufetubi (D:5)
  A dart slug (D:1)
  11 orcs
  3 endoplasms
  3 giant cockroaches
  5 goblins
  3 hobgoblins
  3 jackals (D:5)
  2 quokkas
  4 bats
  3 frilled lizards
  2 kobolds
  3 rats
59 creatures vanquished.

Notes
Turn   | Place    | Note
-------+----------+-------------------------------------------
     0 | D:1      | middlearthbound the Minotaur Fighter began the quest for
                  | the Orb.
     0 | D:1      | Reached XP level 1. HP: 19/19 MP: 0/0
    40 | D:1      | Found a faded altar of an unknown god.
    99 | D:1      | Reached XP level 2. HP: 27/27 MP: 1/1
   792 | D:2      | Noticed Terence
   808 | D:2      | Killed Terence
   809 | D:2      | Reached XP level 3. HP: 23/33 MP: 2/2
  1047 | D:2      | Noticed Natasha
  1059 | D:2      | Killed Natasha
  1060 | D:2      | Reached XP level 4. HP: 6/41 MP: 3/3
  1743 | D:3      | Found a runed translucent door.
  1744 | D:3      | Noticed Crazy Yiuf
  1750 | D:3      | Killed Crazy Yiuf
  1837 | D:3      | Reached XP level 5. HP: 46/47 MP: 4/4
  1892 | D:4      | Noticed Grinder
  1900 | D:4      | Killed Grinder
  1901 | D:4      | Reached skill level 5 in Fighting
  1901 | D:4      | Reached skill level 5 in Axes
  1901 | D:4      | Reached skill level 5 in Armour
  1901 | D:4      | Reached XP level 6. HP: 50/56 MP: 5/5
  2181 | D:4      | Found a glowing golden altar of the Shining One.
  2253 | D:5      | Entered Level 5 of the Dungeon
  2267 | D:5      | Reached XP level 7. HP: 51/61 MP: 6/6
  2314 | D:5      | Identified a scroll of acquirement
  2372 | D:5      | Found a shadowy altar of Dithmenos.
  2372 | D:5      | Noticed Eustachio
  2385 | D:5      | HP: 3/61 [poisoned by a water moccasin]
  2386 | D:5      | Succumbed to a water moccasin's poison

Illustrated notes

Levels and vault maps discovered:
D:1:      eino_arrival_water_star, layout_basic,
          hellmonk_ecumenical_altar_crossroads, hex_tiny
D:2:      layout_loops_cross, uniq_sigmund, uniq_natasha, uniq_terence,
          uniq_robin
D:3:      layout_basic, uniq_crazy_yiuf_cottage
D:4:      layout_cave_pools, tso_metal_star, grunt_ministairs_10, uniq_grinder
D:5:      nicolae_cairo_tiling_large, layout_rooms,
          nicolae_dithmenos_shadow_blocks, serial_demonic, serial_demonic_b,
          serial_demonic_c, serial_demonic_c, serial_demonic_c,
          serial_demonic_e, serial_demonic_a, serial_demonic_b, uniq_eustachio

Skill      XL: |  1  2  3  4  5  6  7 |
---------------+----------------------+-----
Shields        | 4 |  4.7
Fighting       | 4 5 |  5.7
Armour         | 4 5 6 |  6.5
Axes           | 3 4 5 6 |  6.0
Dodging        | |  0.5
Stealth        | |  0.1

Action                     |  1- 3 |  4- 6 |  7- 9 || total
---------------------------+-------+-------+-------++-------
  Melee: War axe           |    51 |    83 |    21 ||   155
         Headbutt          |     8 |    13 |     3 ||    24
  Throw: Throwing net      |       |       |     1 ||     1
    Use: Scroll            |       |     4 |     4 ||     8
 Armour: Scale mail        |     3 |       |       ||     3
         Plate armour      |    30 |    53 |    11 ||    94
  Dodge: Dodged            |    19 |    16 |     4 ||    39
  Block: Buckler           |    15 |    24 |     4 ||    43
